 Dungeon Crawl Stone Soup version 0.29.1-15-g9cfb28693d (webtiles) character file.

Game seed: 8320054602055474684

976 croobank the Caller (level 7, -3/56 HPs)
             Began as a Demigod Summoner on Mar 4, 2023.
             Slain by Duvessa
             ... wielding a +0 short sword
              (12 damage)
             ... on level 5 of the Dungeon on Mar 5, 2023.
             The game lasted 00:19:55 (5871 turns).

croobank the Caller (Demigod Summoner)              Turns: 5871, Time: 00:19:56

Health: -3/56      AC:  5    Str:  9    XL:     7   Next: 63%
Magic:  13/16      EV: 13    Int: 25    God:
Gold:   224        SH:  0    Dex: 17    Spells: 3/13 levels left

rFire   . . .      SeeInvis .   a - +7 lajatang (spect)
rCold   . . .      Faith    .   (shield currently unavailable)
rNeg    + . .      Spirit   .   e - +1 leather armour of Uskayaw's Supremacy {rN+ rCorr Dex+3}
rPois   .          Reflect  .   (no helmet)
rElec   .          Harm     .   (no cloak)
rCorr   +          Rampage  .   p - +0 pair of gloves
Will    .....                   (no boots)
Stlth   ++........              (no amulet)
HPRegen 0.18/turn               (no ring)
MPRegen 0.15/turn               (no ring)

@: no status effects
A: high MP 1, forlorn, divine attributes
a: no special abilities


You were on level 5 of the Dungeon.
You visited 1 branch of the dungeon, and saw 5 of its levels.
You also visited: Sewer.

You collected 224 gold pieces.

Inventory:

Hand Weapons
 a - a +7 spectral lajatang (weapon)
 b - the +7 sling "Waate" {freeze, rCorr Int+4}
   (You found it on level 5 of the Dungeon)

   Any ammunition fired from it freezes those it strikes, dealing additional
   cold damage.
   It can also slow down cold-blooded creatures.
   Int:       It affects your intelligence (+4).
   rCorr:     It protects you from acid and corrosion.
 f - a +0 long sword
 n - a +1 dagger of electrocution
 q - a +0 trident
 s - the +11 quarterstaff of Det Elit {drain, rF++ Int+7 SInv}
   (You found it on level 5 of the Dungeon)

   A truly terrible weapon, it drains the life of any living foe it strikes.
   Int:       It affects your intelligence (+7).
   rF:        It greatly protects you from fire.
   SInv:      It lets you see invisible.
 u - a +0 rapier
 w - a +1 hand axe of venom
Missiles
 i - 8 javelins
 o - 5 boomerangs
Armour
 e - the +1 leather armour of Uskayaw's Supremacy (worn) {rN+ rCorr Dex+3}
   (You found it on level 4 of the Dungeon)

   Dex:       It affects your dexterity (+3).
   rN:        It protects you from negative energy.
   rCorr:     It protects you from acid and corrosion.
 j - a +2 robe
 p - a +0 pair of gloves (worn)
Wands
 B - a wand of charming (3)
Scrolls
 d - 5 scrolls of teleportation
 l - a scroll of brand weapon {unknown}
 t - 2 scrolls of amnesia
 x - 2 scrolls of fear
 y - a scroll of enchant armour
Potions
 c - a potion of invisibility
 g - 2 potions of curing
 h - a potion of experience {unknown}
 k - 2 potions of attraction {unknown}
 m - a potion of magic
 r - a potion of might {unknown}
 v - a potion of heal wounds {unknown}
 z - a potion of cancellation {unknown}
 A - a potion of mutation {unknown}


   Skills:
 + Level 2.8 Fighting
 + Level 2.3 Staves
 + Level 3.8 Dodging
 + Level 3.9 Stealth
 + Level 3.9 Spellcasting
 + Level 0.3 Conjurations
 + Level 1.1 Hexes
 + Level 4.8 Summonings
 + Level 1.0 Fire Magic


You had 3 spell levels left.
You knew the following spells:

 Your Spells              Type           Power      Damage    Failure   Level
a - Summon Small Mammal   Summ           100%       N/A       1%          1
b - Call Imp              Summ           29%        N/A       2%          2
c - Call Canine Familiar  Summ           29%        N/A       5%          3
d - Summon Guardian Gole  Hex/Summ       19%        N/A       12%         3
e - Foxfire               Conj/Fire      32%        2x1d5     10%         1

Your spell library contained the following spells:

 Spells                   Type           Power      Damage    Failure   Level
 Blink                    Tloc           8%         N/A       21%         2
 Inner Flame              Hex/Fire       10%        N/A       26%         3
 Conjure Flame            Conj/Fire      8%         6-21      30%         3
 Gell's Gravitas          Tloc           4%         N/A       36%         3
 Lesser Beckoning         Tloc           4%         N/A       36%         3
 Teleport Other           Tloc           4%         N/A       36%         3
 Summon Ice Beast         Ice/Summ       16%        N/A       43%         4
 Summon Lightning Spire   Summ/Air       16%        N/A       43%         4
 Flame Wave               Conj/Fire      8%         2d5       69%         4
 Summon Mana Viper        Hex/Summ       19%        N/A       71%         5
 Manifold Assault         Tloc           4%         N/A       98%         5
 Monstrous Menagerie      Summ           14%        N/A       100%        7


Dungeon Overview and Level Annotations

Branches:
Dungeon (5/15)              Sewer (visited)
 Temple: D:4-7

Annotations:
D:5 Duvessa


Innate Abilities, Weirdness & Mutations

You have an increased reservoir of magic. (+10% MP)
You shall have no god before yourself.
Your divine heritage dramatically boosts your attributes as you level up.


Message History

You feel a bond with your +7 spectral lajatang.
a - a +7 spectral lajatang (weapon)
Dowan closely misses you.
Duvessa, Sister of Dowan comes into view.
She is wielding a +0 short sword and wearing a +3 leather armour of cold resistance.
You miss Dowan.
Dowan is heavily wounded.
Your +7 spectral lajatang closely misses Dowan.
Dowan hits you with a +0 dagger. Dowan gestures at you while chanting.
The puff of frost hits you!
You hit Dowan.
Dowan is severely wounded.
Your +7 spectral lajatang hits Dowan!
You kill Dowan!
You hear a distant scream of rage.
The white imp completely misses your +7 spectral lajatang.
Your Hexes skill increases to level 1!
Your Fire Magic skill increases to level 1!
Duvessa goes berserk!
Duvessa rages.
The white imp gestures at you. The puff of frost hits you.
You closely miss the white imp.
Your +7 spectral lajatang hits the white imp!!
You kill the white imp!
Duvessa barely misses you.
You closely miss Duvessa.
Your +7 spectral lajatang hits Duvessa!
Duvessa hits you with a +0 short sword. Duvessa hits you with a +0 short sword!
You are too injured to fight recklessly!
You are too injured to fight recklessly!
You slash Duvessa!
Duvessa is heavily wounded.
Your +7 spectral lajatang completely misses Duvessa.
Duvessa barely misses you. Duvessa hits you with a +0 short sword!
* * * LOW HITPOINT WARNING * * *
Okay, then.
Casting: Foxfire (safe; 10% risk of failure)
Confirm with . or Enter, or press ? or * to list all spells.
Duvessa hits you with a +0 short sword!
You die...

***,,,*
###.#####.##*,**,****,*
***** #.####.##
**,,,,,**,**
#.##....##*,**,*,,,,,*
#........#,***,****,,*
##### #.##.#..#.#*
*,,,,,,,* #...#
#.......#** *******,*
#>..# #.#..#h## *,** #...#
#.#.##.# *,,, #..!#
#.#.##@# ******* ****
#...#######....e§# *,,,,,*
*
.........####.####**,,,,,*
******
..............).,,,,,,,,,*
*,,,,,
.........####..####*,,,<,*
*,****
#)).#######.>.....#*,,,,,*
#.*### #...#
#.#..##.#******* #.*#..
#...# #.#..##.#### #.*#.#
#...#
#.#........#######.##b#


You could see Duvessa (berserk, ally target) and a friendly hound (summoned).

Vanquished Creatures
  Grinder (D:5)
  Pargi (D:4)
  2 kobold brigands (Sewer)
  A scorpion (D:5)
  Dowan (D:5)
  A hound (D:5)
  An orc priest (D:5)
  3 iguanas
  5 river rats (Sewer)
  8 adders
  A white imp (D:5)
  2 ufetubi
  13 orcs
  12 ball pythons
  4 endoplasms
  2 giant cockroaches
  5 goblins
  5 hobgoblins
  5 kobolds
  6 quokkas
  A bat (D:1)
  5 frilled lizards
  5 rats
90 creatures vanquished.

Vanquished Creatures (collateral kills)
  Ijyb (D:5)
  An adder (D:3)
  A worm (D:5)
  A dart slug (D:1)
  2 orcs
  A ball python (D:3)
  2 bats (D:1)
  4 endoplasms
  A giant cockroach (D:3)
  3 goblins (D:1)
  5 hobgoblins
  A jackal (D:3)
  2 quokkas (D:1)
  5 frilled lizards
  5 kobolds
  3 rats
  18 foxfires (Sewer)
56 creatures vanquished.

Vanquished Creatures (others)
  80 foxfires
  7 plants (Sewer)
87 creatures vanquished.

Grand Total: 233 creatures vanquished

Notes
Turn   | Place    | Note
-------+----------+-------------------------------------------
     0 | D:1      | croobank the Demigod Summoner began the quest for the Orb.
     0 | D:1      | Reached XP level 1. HP: 14/14 MP: 5/5
   323 | D:1      | Reached XP level 2. HP: 19/20 MP: 4/7
   567 | D:1      | Learned a level 2 spell: Call Imp
  1556 | D:2      | Reached XP level 3. HP: 20/27 MP: 8/8
  1560 | D:2      | Learned a level 3 spell: Call Canine Familiar
  3121 | D:3      | Identified a scroll of acquirement
  3121 | D:3      | Acquired a book of Beasts
  3190 | D:4      | Identified the +1 leather armour of Uskayaw's Supremacy
                  | {rN+ rCorr Dex+3}
  3297 | D:4      | Reached skill level 1 in Fighting
  3297 | D:4      | Reached skill level 4 in Summonings
  3297 | D:4      | Reached XP level 4. HP: 35/35 MP: 10/10
  3808 | D:4      | Noticed Pargi
  3823 | D:4      | Killed Pargi
  3824 | D:4      | Reached skill level 1 in Staves
  3824 | D:4      | Reached XP level 5. HP: 40/40 MP: 1/11
  4066 | D:5      | Entered Level 5 of the Dungeon
  4092 | D:5      | Identified the +7 sling "Waate" {freeze, rCorr Int+4}
  4108 | D:5      | Identified the +11 quarterstaff of Det Elit {drain, rF++
                  | Int+7 SInv}
  4135 | D:5      | Noticed Grinder
  4151 | D:5      | Killed Grinder
  4152 | D:5      | Reached XP level 6. HP: 42/48 MP: 9/14
  4182 | D:5      | Noticed Ijyb
  4210 | D:5      | Learned a level 3 spell: Summon Guardian Golem
  4218 | D:5      | Killed Ijyb
  4278 | D:5      | Reached XP level 7. HP: 49/56 MP: 12/15
  4284 | D:5      | Found a glowing drain.
  4291 | Sewer    | Entered a sewer
  4294 | Sewer    | Learned a level 1 spell: Foxfire
  5859 | D:5      | Noticed Dowan
  5863 | D:5      | Noticed Duvessa
  5865 | D:5      | Killed Dowan
  5866 | D:5      | Reached skill level 1 in Hexes
  5866 | D:5      | Reached skill level 1 in Fire Magic
  5871 | D:5      | Slain by Duvessa

Illustrated notes

Levels and vault maps discovered:
D:1:      lightli_arrival_lavapool, layout_basic,
          chequers_ecumenical_altar_simple
D:2:      layout_basic
D:3:      minmay_octagon_keep, layout_rooms, lemuel_round_altar,
          dk_noncrumbling_3, hex_large, minmay_misc_feat_nine_boxes
D:4:      layout_gridville, uniq_pargi
D:5:      layout_loops_cross, gup_sewer_entry_bubbles, uniq_blork_the_orc,
          uniq_grinder, uniq_ijyb, uniq_duvessa, uniq_crazy_yiuf_cottage

Skill      XL: |  1  2  3  4  5  6  7 |
---------------+----------------------+-----
Dodging        | 2 3 |  3.8
Stealth        | 2 3 |  3.9
Spellcasting   | 2 3 |  3.9
Fighting       | 1 2 |  2.8
Summonings     | 4 |  4.8
Staves         | 1 2 |  2.3
Hexes          | 1 |  1.1
Fire Magic     | 1 |  1.0
Conjurations   | |  0.3

Action                   |  1- 3 |  4- 6 |  7- 9 || total
-------------------------+-------+-------+-------++-------
Melee: Unarmed           |     7 |       |       ||     7
       Dagger            |    46 |       |       ||    46
       Punch             |     2 |       |       ||     2
       Rapier            |    13 |       |       ||    13
       Lajatang          |     9 |    56 |    43 ||   108
 Fire: Sling             |       |     5 |     3 ||     8
 Cast: Summon Small Mamm |    41 |     7 |       ||    48
       Call Imp          |    10 |     4 |     1 ||    15
       Call Canine Famil |     4 |     5 |     2 ||    11
       Foxfire           |       |       |    55 ||    55
  Use: Scroll            |    12 |     2 |       ||    14
 Stab: Sleeping          |     7 |     3 |       ||    10
       Distracted        |       |     1 |       ||     1
Armor: Robe              |    15 |     9 |       ||    24
       Leather armour    |       |     4 |    21 ||    25
Dodge: Dodged            |    51 |    34 |    39 ||   124
